 Dungeon Crawl Stone Soup version 0.29-a0-506-ga2e7fffb44 (webtiles) character file.

Game seed: 11892399586172519936

66 spaghetti the Sneak (level 4, -9/31 HPs)
             Began as an Octopode Chaos Knight on May 28, 2022.
             Was a Plaything of Xom.
             Blown up by Ijyb (21 damage)
             ... with a mindburst bolt
             ... on level 3 of the Dungeon.
             The game lasted 00:02:15 (2007 turns).

spaghetti the Sneak (Octopode Chaos Knight)         Turns: 2007, Time: 00:02:15

Health: -9/31      AC:  1    Str: 11    XL:     4   Next: 15%
Magic:  4/4        EV: 13    Int: 14    God:    Xom [....*.]
Gold:   114        SH:  0    Dex: 13    Spells: 3/3 levels left

rFire   . . .      SeeInvis .   a - +1 falchion (chaos) {long}
rCold   . . .      Faith    .   (no shield)
rNeg    . . .      Spirit   .   (helmet restricted)
rPois   .          Reflect  .   (no amulet)
rElec   .          Harm     .   (no ring)
rCorr   .          Rampage  .   (no ring)
Will    .....                   (no ring)
Stlth   ++++......              (no ring)
HPRegen 0.10/turn               (no ring)
MPRegen 0.09/turn               (no ring)
                                (no ring)
                                (no ring)

@: no status effects
A: almost no armour, amphibious, 8 rings, camouflage 1, gelatinous body 1,
(nimble swimmer 1), tentacles
a: Renounce Religion


You were on level 3 of the Dungeon.
You worshipped Xom.
You were a beloved toy of Xom.
You visited 1 branch of the dungeon, and saw 3 of its levels.

You collected 114 gold pieces.


Innate Abilities, Weirdness & Mutations

You cannot wear most types of armour.
You are amphibious.
You can wear up to eight rings at the same time.
Your skin changes colour to match your surroundings (Stealth+).
Your rubbery body absorbs attacks. (AC +1, EV +1)
((You are camouflaged when in or above water. (Stealth+)))
You have tentacles for arms and can constrict up to eight enemies at once.


   Skills:
 - Level 3.0 Fighting
 - Level 3.0 Long Blades
 - Level 2.3 Dodging
 + Level 5.3 Stealth


You had 3 spell levels left.
You didn't know any spells.
Your spell library was empty.

Inventory:

Hand Weapons
 a - a +1 falchion of chaos (weapon) {long}
Missiles
 f - 70 stones (quivered) {throwing}
 i - 5 boomerangs {throwing}
 m - 3 javelins {throwing}
 r - 3 poisoned darts {throwing}
Jewellery
 o - a ring of resist corrosion
   (You found it on level 3 of the Dungeon)
Scrolls
 c - 3 scrolls of teleportation {@r4}
 e - a scroll of torment {unknown}
 j - 2 scrolls of fear
 k - a scroll of magic mapping {!r}
 s - a scroll of vulnerability {!r!r}
Potions
 d - 6 potions of curing {unknown}
 g - a potion of invisibility {unknown}
 h - a potion of might {unknown}
 l - a potion of degeneration {unknown}
 n - a potion of mutation {unknown}
 p - a potion of magic {unknown}
 q - a potion of brilliance {unknown}
Miscellaneous
 b - a piece from Xom's chessboard (15/15)

Dungeon Overview and Level Annotations

Branches:
Dungeon (3/15)

Altars:

Shops:
D:1 !

Annotations:
D:3 Ijyb

####.###.#..##.### ......
#.###.#..##...# .....
#.##.....##.#.# #.#####..#
..........##.#.# ##........#
##.##...#.##.#.###.##.#####.##
#.###.##.##.#.......(. #.# #.#
#.##.##.#..##.##.. #.# #.#
#.............##.. #(#
.#####...#.#@.#####.. #.#
...........#.g###....####>#
######...###..##..........###
##.## #..# .##......... #.#
#..# #.###.#### #.# #..# #.
#)# #.. .... .. #.# ### ####
### #.# #.#


You could see Ijyb (extremely poisoned).


Message History

Unknown command.
Unknown command.
You feel your willpower return.
You see here a +0 leather armour. "Let's try an experiment, hmmm?"
You do an impromptu tapdance.
You are now a beloved toy of Xom. 😎 HP[+1]
Your hp is fully restored (31).
Unknown command.
Found a stone staircase leading up.
c - 3 scrolls of teleportation {@r4} (gained 1)
You now have 75 gold pieces (gained 15).
Key pressed, stopping explore.
You now have 88 gold pieces (gained 13).
You now have 94 gold pieces (gained 6).
d - 6 murky black potions (gained 1)
You see here a +0 ring mail.
Key pressed, stopping explore.
A bat comes into view.
The helpless bat fails to defend itself.
You hit the bat.
You kill the bat!
No target in view!
No target in view!
No target in view!
No target in view!
No target in view!
No target in view!
No target in view!
No target in view!
No target in view!
No target in view!
No target in view!
No target in view!
No target in view!
You see here a +0 ring mail.
n - a bubbling golden potion A worm comes into view.
You see here 12 gold pieces.
A worm is nearby!
A worm is nearby!
You see here a ring of resist corrosion.
You slash the worm! You grab the worm. You squeeze the worm!
You kill the worm!
No target in view!
No target in view!
No target in view!
No target in view!
No target in view!
No target in view!
No target in view!
No target in view!
No target in view!
No target in view!
No target in view!
No target in view!
No target in view!
No target in view!
o - a ring of resist corrosion You now have 102 gold pieces (gained 8).
r - 3 poisoned darts {throwing} You now have 114 gold pieces (gained 12).
Key pressed, stopping explore.
s - a scroll of vulnerability {!r!r} No target in view!
Ijyb the Twisted Goblin comes into view.
She is wielding a +0 dagger and carrying a wand of mindburst (13).
The helpless Ijyb fails to defend herself.
You hit Ijyb.
Ijyb is poisoned.
Your grab misses Ijyb.
Ijyb hits you with a +0 dagger. x2 😮 HP[-11]
You take 11 damage, and now have 20/31 hp.
MASSIVE DAMAGE!! (PAUSE) Unknown command.
You hit Ijyb. Your grab misses Ijyb. Your squeeze misses Ijyb.
Ijyb zaps a wand.
You barely resist. You barely miss Ijyb. You grab Ijyb. You constrict Ijyb.
Ijyb zaps a wand.
Your mind is blasted!
* * * LOW HITPOINT WARNING * * *
Xom thinks this is hilarious! 😨 HP[-9]
You take 9 damage, and now have 11/31 hp.
MASSIVE DAMAGE!! (PAUSE) Unknown command.
Unknown command.
You hit Ijyb but do no damage. You constrict Ijyb.
Ijyb zaps a wand.
You barely resist. 😨 HP[+1] Unknown command.
Unknown command.
You hit Ijyb.
Ijyb looks as sick as possible!
You constrict Ijyb, but do no damage.
Ijyb zaps a wand.
Your mind is blasted!
Ouch! That really hurt!
You die...
Xom is highly amused!

Skill      XL: |  1  2  3 |
---------------+----------+-----
Stealth        | 2 3 5 |  5.3
Fighting       | |  3.0
Long Blades    | |  3.0
Dodging        | |  2.3

Action                   |  1- 3 |  4- 6 || total
-------------------------+-------+-------++-------
Melee: Falchion          |    62 |     7 ||    69
       Constrict         |    18 |     2 ||    20
       Tentacles         |    15 |     1 ||    16
  Use: Scroll            |     7 |       ||     7
 Stab: Sleeping          |    11 |     2 ||    13
Armor: Skin              |     5 |       ||     5
Dodge: Dodged            |    32 |       ||    32

Levels and vault maps discovered:
D:1:      dpeg_arrival_ratfight, layout_rooms, serial_shops,
          nicolae_shop_crystal, shapermc_ecumenical_altar_ellora
D:2:      layout_basic
D:3:      layout_loops_ring, uniq_ijyb

Notes
Turn   | Place    | Note
-------+----------+-------------------------------------------
     0 | D:1      | spaghetti the Octopode Chaos Knight began the quest for the
                  | Orb.
     0 | D:1      | Reached XP level 1. HP: 16/16 MP: 1/1
     0 | D:1      | magus.rc [v1.9.6]
    38 | D:1      | Reached skill level 1 in Stealth
   165 | D:1      | Reached skill level 2 in Stealth
   233 | D:1      | Found Edistremp's Distillery.
   290 | D:1      | Reached XP level 2. HP: 21/21 MP: 2/2
   334 | D:1      | Reached skill level 3 in Stealth
   674 | D:1      | Found a faded altar of an unknown god.
   800 | D:1      | XOM: potion effect (brilliance)
   809 | D:1      | Reached XP level 3. HP: 20/26 MP: 3/3
  1122 | D:2      | XOM: fake destruction
  1124 | D:2      | Reached skill level 4 in Stealth
  1509 | D:2      | XOM: smoke on damage
  1509 | D:2      | XOM: torment (14/26 hp)
  1682 | D:2      | XOM: 1-stop teleportation journey
  1815 | D:3      | Reached skill level 5 in Stealth
  1815 | D:3      | Reached XP level 4. HP: 29/31 MP: 4/4
  1820 | D:3      | XOM: 2-stop teleportation journey
  1846 | D:3      | XOM: silly message
  2000 | D:3      | Noticed Ijyb
  2007 | D:3      | Blown up by Ijyb

Vanquished Creatures
  2 adders
  A worm (D:3)
  A dart slug (D:3)
  4 bats
  3 endoplasms
  4 goblins
  10 hobgoblins
  2 jackals (D:2)
  3 ball pythons
  A frilled lizard (D:2)
  5 kobolds
  6 rats (D:1)
42 creatures vanquished.

Table legend:
 A = Non-vault XP
 B = Vault XP
 C = Vault XP percentage of total XP
 D = Non-vault monster count
 E = Vault monster count
 F = Vault count percentage of total count
                 A         B        C        D         E       F
            +---------+---------+-------+---------+---------+-------
      Total |      90 |       5 |   5.3 |      37 |       5 |  11.9
            +---------+---------+-------+---------+---------+-------
        D:1 |      29 |       5 |  14.7 |      17 |       5 |  22.7
        D:2 |      38 |       0 |   0.0 |      16 |       0 |   0.0
        D:3 |      23 |       0 |   0.0 |       4 |       0 |   0.0
            +---------+---------+-------+---------+---------+-------

Illustrated notes

Table legend:
 A = Kills in this place as a percentage of kills in entire the game.
 B = Kills by you in this place as a percentage of kills by you in the entire game.
 C = Kills by friends in this place as a percentage of kills by friends in the entire game.
 D = Other kills in this place as a percentage of other kills in the entire game.
 E = Experience gained in this place as a percentage of experience gained in the entire game.
 F = Experience gained in this place divided by the number of levels of this place that you have seen.
                   A       B       C       D       E      F
               +-------+-------+-------+-------+-------+----------------------
         Total | 100.0 | 100.0 |   N/A |   N/A | 100.0 |  31.7
       Dungeon | 100.0 | 100.0 |   N/A |   N/A | 100.0 |  31.7
               +-------+-------+-------+-------+-------+----------------------

Table legend: (Time is in decaauts)
 A = Elapsed time spent in this place.
 B = Non-inter-level travel time spent in this place.
 C = Inter-level travel time spent in this place.
 D = Time resting spent in this place.
 E = Time spent auto-exploring this place.
 F = Levels seen in this place.
 G = Mean time per level.
                   A        B        C        D        E       F      G
               +--------+--------+--------+--------+--------+-----+--------+
         Total |   2016 |   1968 |     48 |      0 |   1696 |   3 |  672.0 |
       Dungeon |   2016 |   1968 |     48 |      0 |   1696 |   3 |  672.0 |
               +--------+--------+--------+--------+--------+-----+--------+

Top non-repeatable levels by time:
     D:1: 921 daAuts
     D:2: 828 daAuts
     D:3: 266 daAuts
